 Dungeon Crawl Stone Soup version 0.30.0-30-g96aa6591b8 (webtiles) character file.

Game seed: 15310971669641934414

249 Peloso the Slasher (level 5, -4/47 HPs)
             Began as a Minotaur Fighter on June 26, 2023.
             Killed from afar by Ijyb (11 damage)
             ... with a bolt of light
             ... on level 3 of the Dungeon.
             The game lasted 00:05:24 (2894 turns).

Peloso the Slasher (Minotaur Fighter)               Turns: 2894, Time: 00:05:25

Health: -4/47      AC:  7    Str: 20    XL:     5   Next: 86%
Magic:  4/4        EV:  6    Int:  5    God:
Gold:   78         SH:  5    Dex: 12    Spells: 4/4 levels left

rFire   . . .        a - +1 long sword
rCold   . . .        d - +0 buckler
rNeg    . . .        c - +0 scale mail
rPois   .            (helmet restricted)
rElec   .            (no cloak)
rCorr   +            (no gloves)
SInv    .            (no boots)
Will    .....        (no amulet) Stlth
                     f - ring of resist corrosion
HPRegen 0.27/turn    (no ring)
MPRegen 0.09/turn

%: no passive effects
@: mighty, constricted
A: horns 2, retaliatory headbutt
a: no special abilities


You were on level 3 of the Dungeon.
You visited 1 branch of the dungeon, and saw 4 of its levels.

You collected 78 gold pieces.

Inventory:

Hand Weapons
 a - a +1 long sword (weapon)
 b - a +0 dagger of flaming
Missiles
 m - a throwing net (quivered)
Armour
 c - a +0 scale mail (worn)
 d - a +0 buckler (worn)
Jewellery
 f - a ring of resist corrosion (left hand)
Wands
 h - a wand of light (10)
Scrolls
 e - a scroll of enchant weapon
 g - a scroll of acquirement
Potions
 j - 2 potions of degeneration {unknown}


   Skills:
 + Level 4.8 Fighting
 + Level 5.1 Long Blades
 + Level 4.8 Armour
 + Level 1.0 Dodging
 + Level 0.6 Stealth
 + Level 4.2 Shields


You had 4 spell levels left.
You didn't know any spells.
Your spell library was empty.

Dungeon Overview and Level Annotations

Branches:
Dungeon (4/15)
 Temple: D:4-7

Altars:

Shops:
D:4 (

Annotations:
D:3 Ijyb


Innate Abilities, Weirdness & Mutations

You have a pair of horns on your head.
You reflexively headbutt those who attack you in melee.


Message History

Unknown command.
The ball python's grasp on you weakens, but your attempt to escape fails.
The ball python bites you. The ball python constricts you.
The endoplasm hits you but does no damage.
Ijyb zaps a wand.
The bolt of light hits you.
The bolt of light hits the goblin!
The goblin dies!
Unknown command.
You don't know any spells.
You escape the ball python's grasp.
The endoplasm closely misses you. Ijyb closely misses you.
You climb upwards.
There is a stone staircase leading down here.
Unknown command.
You feel very mighty all of a sudden.
The ball python bites you but does no damage.
The ball python grabs you. The ball python constricts you.
The ball python bites you but does no damage.
The ball python constricts you. The endoplasm freezes you.
You are frozen.
Ijyb zaps a wand.
The bolt of light hits you!!
You are confused.
Unknown command.
You feel much better. The ball python bites you.
The ball python constricts you. The endoplasm freezes you.
You are frozen.
Ijyb zaps a wand.
The bolt of light hits you!
Unknown command.
You bump into the rock wall.
The ball python barely misses you. The ball python constricts you.
The endoplasm hits you but does no damage.
Ijyb zaps a wand.
The bolt of light hits you!
* * * LOW HITPOINT WARNING * * *
You completely miss Ijyb. Your headbutt misses Ijyb.
You feel less confused.
The ball python bites you but does no damage.
The ball python constricts you. The endoplasm hits you.
* * * LOW HITPOINT WARNING * * *
Ijyb zaps a wand.
The bolt of light hits you!
You die...

# ##)#### ##.##.# #.#
##...# #.#..# #.# #
##.##.# #.#.## #.#
###.###.#######.#.# #.#
.#.## #.........#.# #.#
..#####.#########.# #.#
..##.....# #.# #.#
.........########J# #.#
.###.#....<.....@g## #.#
.....###.........S.####>#
..#.......#####.........#
.................########
.#...##...#####....#
.#######.### ####.#
..#........## #.#
#.#.####....## #.# ..#.#
##.#.#.#####.#


You could see Ijyb, an endoplasm and a ball python.

Vanquished Creatures
  An orc priest (D:3)
  A gnoll bouda (D:3)
  Terence (D:2)
  2 orc wizards (D:3)
  An adder (D:3)
  4 gnolls (D:3)
  4 worms (D:2)
  6 orcs (D:3)
  8 ball pythons
  4 endoplasms
  3 giant cockroaches
  4 goblins
  4 hobgoblins
  4 kobolds
  A quokka (D:2)
  7 bats
  2 rats (D:1)
57 creatures vanquished.

Vanquished Creatures (others)
  A goblin (D:4)
1 creature vanquished.

Grand Total: 58 creatures vanquished

Notes
Turn   | Place    | Note
-------+----------+-------------------------------------------
     0 | D:1      | Peloso the Minotaur Fighter began the quest for the Orb.
     0 | D:1      | Reached XP level 1. HP: 19/19 MP: 0/0
   203 | D:1      | Reached XP level 2. HP: 27/27 MP: 1/1
   736 | D:1      | Identified a scroll of acquirement
   800 | D:2      | Reached XP level 3. HP: 13/33 MP: 2/2
   916 | D:2      | Noticed Terence
   922 | D:2      | Killed Terence
   923 | D:2      | Reached skill level 3 in Long Blades
   997 | D:2      | Found a faded altar of an unknown god.
  1429 | D:2      | Reached XP level 4. HP: 33/40 MP: 3/3
  2079 | D:3      | Reached skill level 4 in Long Blades
  2114 | D:3      | Reached XP level 5. HP: 17/47 MP: 4/4
  2555 | D:3      | Reached skill level 5 in Long Blades
  2555 | D:3      | Reached skill level 1 in Dodging
  2882 | D:4      | Noticed Ijyb
  2882 | D:4      | Found Muuguzas's Weapon Boutique.
  2894 | D:3      | Killed from afar by Ijyb

Illustrated notes

Levels and vault maps discovered:
D:1:      dpeg_arrival_arbitrary_a, layout_basic, kennysheep_boxes
D:2:      layout_basic, shapermc_ecumenical_altar_venn, minmay_crystal_room,
          minmay_misc_feat_tiny, uniq_terence
D:3:      layout_loops_ring
D:4:      layout_loops_cross, serial_shops, shop, uniq_menkaure, uniq_ijyb

Skill      XL: |  1  2  3  4  5 |
---------------+----------------+-----
Fighting       | 4 |  4.8
Shields        | 4 |  4.2
Armour         | 4 |  4.8
Long Blades    | 3 4 5 |  5.1
Dodging        | 1 |  1.0
Stealth        | |  0.6

Action                     |  1- 3 |  4- 6 || total
---------------------------+-------+-------++-------
  Melee: Long sword        |    86 |    75 ||   161
         Headbutt          |    12 |    11 ||    23
    Use: Potion            |     2 |     2 ||     4
         Scroll            |     1 |     4 ||     5
 Armour: Scale mail        |    58 |    43 ||   101
  Dodge: Dodged            |    45 |    31 ||    76
  Block: Buckler           |    11 |    22 ||    33
